| TOP OF THE 1ST |
|
Indianapolis Indians batting - Pitching for Colorado Springs Sky Sox : RHP Yasushi Osumi
|
|
Pitching: RHP Yasushi Osumi
|
|
|
Batting: LHB Alberto Figueroa
|
0-0: Ball 1-0: Ball 2-0: Fly out, F8 (Flyball, 8LD, EV 89.4 MPH)
|
|
Batting: RHB Bubba Tierney
|
0-0: Swinging Strike 0-1: Foul Ball, location: 2F 0-2: Ball 1-2: Strikes out swinging
|
|
Batting: RHB Dave Fredericks
|
0-0: Foul Ball, location: 2F 0-1: Foul Ball, location: 2F 0-2: Ball 1-2: Ball 2-2: Foul Ball, location: 2F 2-2: Strikes out swinging
|
| Top of the 1st over - 0 runs, 0 hits, 0 errors, 0 left on base; Indianapolis 0 - Colorado Springs 0 |
| BOTTOM OF THE 1ST |
|
Colorado Springs Sky Sox batting - Pitching for Indianapolis Indians : RHP Curt Campbell
|
|
Pitching: RHP Curt Campbell
|
|
|
Batting: RHB Juan Figueroa
|
0-0: Swinging Strike 0-1: Ball 1-1: Fly out, F8 (Line Drive, 78M, EV 106.2 MPH)
|
|
Batting: RHB Ryan Rinaldi
|
0-0: Foul Ball, location: 2F 0-1: Ground out 6-3 (Groundball, 6, EV 82.5 MPH)
|
|
Batting: LHB Kyle Schaible
|
0-0: Ball 1-0: Ball 2-0: Foul Ball, location: 2F 2-1: Swinging Strike 2-2: Strikes out swinging
|
| Bottom of the 1st over - 0 runs, 0 hits, 0 errors, 0 left on base; Indianapolis 0 - Colorado Springs 0 |
| TOP OF THE 2ND |
|
Indianapolis Indians batting - Pitching for Colorado Springs Sky Sox : RHP Yasushi Osumi
|
|
Batting: RHB Alain Marquet
|
0-0: Ball 1-0: Ball 2-0: Ball 3-0: Foul Ball, location: 2F 3-1: Base on Balls
|
|
Batting: LHB Edwin Aguilar
|
0-0: Called Strike 0-1: Ball 1-1: Called Strike 1-2: Ball 2-2: Foul Ball, location: 2F 2-2: Ball 3-2: Foul Ball, location: 2F 3-2: Foul Ball, location: 2F 3-2: Base on Balls Alain Marquet to second
|
|
Batting: RHB Chris Pozzi
|
0-0: Called Strike 0-1: Foul Ball, location: 2F 0-2: DOUBLE (Groundball, 5L, EV 100.6 MPH) Alain Marquet scores Edwin Aguilar to third
|
|
Batting: LHB Gregg Kellerman
|
0-0: Ground out 4-3 (Groundball, 34, EV 96.2 MPH) Edwin Aguilar scores Chris Pozzi to third
|
|
Batting: LHB Donald Imre
|
0-0: Foul Ball, location: 2F 0-1: Called Strike 0-2: Ball Wild Pitch! Chris Pozzi scores 1-2: DOUBLE (Line Drive, 9LS, EV 105.0 MPH)
|
|
Batting: RHB Nick Wicker
|
0-0: Swinging Strike 0-1: Foul Ball, location: 2F 0-2: Ball 1-2: Ground out 3-1 (Groundball, 34, EV 103.1 MPH) Donald Imre to third
|
|
Batting: LHB Alberto Figueroa
|
0-0: Foul Ball, location: 2F 0-1: Ball 1-1: Ball 2-1: Ball 3-1: Foul Ball, location: 2F 3-2: Strikes out swinging passed ball, reaches first! Donald Imre scores
|
|
Batting: RHB Bubba Tierney
|
0-0: Swinging Strike 0-1: Ball 1-1: Ball 2-1: DOUBLE (Flyball, 8RXD, EV 99.4 MPH) Alberto Figueroa to third Runner from 3rd tries for Home, SAFE, throw by CF to trailing runner, SAFE at third!
|
|
Batting: RHB Dave Fredericks
|
0-0: Foul Ball, location: 2F 0-1: Called Strike 0-2: Foul Ball, location: 2F 0-2: Strikes out swinging
|
| Top of the 2nd over - 5 runs, 3 hits, 0 errors, 1 left on base; Indianapolis 5 - Colorado Springs 0 |
| BOTTOM OF THE 2ND |
|
Colorado Springs Sky Sox batting - Pitching for Indianapolis Indians : RHP Curt Campbell
|
|
Batting: LHB Michael Krott
|
0-0: Ball 1-0: Ball 2-0: Ground out U3 (Groundball, 3, EV 86.2 MPH)
|
|
Batting: RHB Kevin Tangeman
|
0-0: Called Strike 0-1: Ball 1-1: Ground out 3-1 (Groundball, 34S, EV 90.0 MPH)
|
|
Batting: LHB Iehohs Inatho
|
0-0: Ball 1-0: SOLO HOME RUN (Flyball, 89XD, EV 98.8 MPH), Distance : 392 ft
|
|
Batting: SHB Chris Besselman
|
0-0: Ground out 5-3 (Groundball, 5, EV 99.4 MPH)
|
| Bottom of the 2nd over - 1 run, 1 hit, 0 errors, 0 left on base; Indianapolis 5 - Colorado Springs 1 |
| TOP OF THE 3RD |
|
Indianapolis Indians batting - Pitching for Colorado Springs Sky Sox : RHP Yasushi Osumi
|
|
Batting: RHB Alain Marquet
|
0-0: Ball 1-0: Called Strike 1-1: Called Strike 1-2: Ball 2-2: Fly out, F7 (Line Drive, 78M, EV 94.4 MPH)
|
|
Batting: LHB Edwin Aguilar
|
0-0: Foul Ball, location: 2F 0-1: Ball 1-1: Ball 2-1: Foul Ball, location: 2F 2-2: Foul Ball, location: 2F 2-2: Strikes out swinging
|
|
Batting: RHB Chris Pozzi
|
0-0: Foul Ball, location: 2F 0-1: Ball 1-1: DOUBLE (Flyball, 89XD, EV 97.5 MPH)
|
|
Pitching: RHP Zach Sommer
|
|
|
Batting: LHB Gregg Kellerman
|
0-0: SINGLE (Groundball, 3D, EV 97.5 MPH) Chris Pozzi to third Runner from 3rd tries for Home, SAFE, throw by RF to home Gregg Kellerman to second
|
|
Batting: LHB Donald Imre
|
0-0: Ball 1-0: Ball 2-0: Foul Ball, location: 2F 2-1: Fly out, F8 (Flyball, 78S, EV 91.2 MPH)
|
| Top of the 3rd over - 1 run, 2 hits, 0 errors, 1 left on base; Indianapolis 6 - Colorado Springs 1 |
| BOTTOM OF THE 3RD |
|
Colorado Springs Sky Sox batting - Pitching for Indianapolis Indians : RHP Curt Campbell
|
|
Batting: RHB Eric Delgado
|
0-0: SINGLE (Line Drive, 7S, EV 106.2 MPH)
|
|
Batting: RHB Matviy Oliynyk
|
0-0: Ball 1-0: Called Strike 1-1: Swinging Strike 1-2: Ball 2-2: Strikes out swinging
|
|
Batting: RHB Juan Figueroa
|
0-0: Called Strike 0-1: Ball 1-1: Ball 2-1: Ball 3-1: Swinging Strike 3-2: Strikes out swinging Eric Delgado is caught stealing 2nd base 2-4 Batter strikes out.
|
| Bottom of the 3rd over - 0 runs, 1 hit, 0 errors, 0 left on base; Indianapolis 6 - Colorado Springs 1 |
| TOP OF THE 4TH |
|
Indianapolis Indians batting - Pitching for Colorado Springs Sky Sox : RHP Zach Sommer
|
|
Batting: RHB Nick Wicker
|
0-0: Ball 1-0: Called Strike 1-1: Foul Ball, location: 2F 1-2: Ball 2-2: Foul Ball, location: 2F 2-2: Ground out 6-3 (Groundball, 6, EV 83.8 MPH)
|
|
Batting: LHB Alberto Figueroa
|
0-0: Called Strike 0-1: Ball 1-1: SINGLE (Line Drive, 78S, EV 108.8 MPH)
|
|
Batting: RHB Bubba Tierney
|
0-0: Ball 1-0: Ball 2-0: Hit by Pitch Alberto Figueroa to second
|
|
Batting: RHB Dave Fredericks
|
0-0: Ball 1-0: Ball 2-0: DOUBLE (Line Drive, 7LM, EV 105.6 MPH) Alberto Figueroa scores Bubba Tierney to third Runner from 3rd tries for Home, SAFE, no throw by LF
|
|
Batting: RHB Alain Marquet
|
0-0: Ball 1-0: Ball 2-0: Foul Ball, location: 2F 2-1: Fly out, F7 (Flyball, 7D, EV 99.4 MPH) Runner from 2nd tags up, SAFE at 3rd, no throw by LF
|
|
Batting: LHB Edwin Aguilar
|
Balk! Dave Fredericks scores 0-0: Foul Ball, location: 2F 0-1: Called Strike 0-2: Ball 1-2: Strikes out looking
|
| Top of the 4th over - 3 runs, 2 hits, 0 errors, 0 left on base; Indianapolis 9 - Colorado Springs 1 |
| BOTTOM OF THE 4TH |
|
Colorado Springs Sky Sox batting - Pitching for Indianapolis Indians : RHP Curt Campbell
|
|
Batting: RHB Ryan Rinaldi
|
0-0: Called Strike 0-1: Called Strike 0-2: Foul Ball, location: 2F 0-2: Ball 1-2: SINGLE (Groundball, 34S, EV 60.6 MPH) (infield hit)
|
|
Batting: LHB Kyle Schaible
|
0-0: SINGLE (Groundball, 4MD, EV 96.2 MPH) Ryan Rinaldi to second
|
|
Batting: LHB Michael Krott
|
0-0: Ball 1-0: Foul Ball, location: 2F 1-1: Ball 2-1: Swinging Strike 2-2: Foul Ball, location: 2F 2-2: Foul Ball, location: 2F 2-2: Foul Ball, location: 2F 2-2: Ball 3-2: 3-RUN HOME RUN (Flyball, 89XD, EV 103.1 MPH), Distance : 402 ft
|
|
Batting: RHB Kevin Tangeman
|
0-0: Called Strike 0-1: Ball 1-1: Ball 2-1: Foul Ball, location: 2F 2-2: Ball 3-2: SINGLE (Groundball, P, EV 80.0 MPH) (infield hit)
|
|
Batting: LHB Iehohs Inatho
|
0-0: Called Strike 0-1: Ball 1-1: Ball 2-1: Called Strike 2-2: Foul Ball, location: 2F 2-2: DOUBLE (Flyball, 78D, EV 86.2 MPH) Kevin Tangeman to third
|
|
Batting: SHB Chris Besselman
|
0-0: Fly out, F8 (Flyball, 89M, EV 80.6 MPH)
|
|
Batting: RHB Eric Delgado
|
0-0: Ball 1-0: Foul Ball, location: 2F 1-1: Called Strike 1-2: Ball 2-2: Ground out 6-3 (Groundball, 6M, EV 103.8 MPH) Kevin Tangeman scores Iehohs Inatho to third
|
|
Pitching: RHP Mike Amos
|
|
|
Batting: RHB Matviy Oliynyk
|
0-0: Ball 1-0: Ball 2-0: Ground out 5-3 (Groundball, 5S, EV 71.9 MPH)
|
| Bottom of the 4th over - 4 runs, 5 hits, 0 errors, 1 left on base; Indianapolis 9 - Colorado Springs 5 |
| TOP OF THE 5TH |
|
Indianapolis Indians batting - Pitching for Colorado Springs Sky Sox : RHP Zach Sommer
|
|
Batting: RHB Chris Pozzi
|
0-0: Ball 1-0: Ball 2-0: Foul Ball, location: 2F 2-1: DOUBLE (Line Drive, 9LS, EV 96.2 MPH)
|
|
Batting: LHB Gregg Kellerman
|
0-0: Ball 1-0: Called Strike 1-1: Ground out 6-3 (Groundball, 6, EV 84.4 MPH) Chris Pozzi to third
|
|
Batting: LHB Donald Imre
|
0-0: Swinging Strike 0-1: Called Strike 0-2: Ground out 4-3 (Groundball, 4M, EV 103.8 MPH) Chris Pozzi scores
|
|
Pitching: LHP Kyle Mearkle
|
|
|
Batting: RHB Nick Wicker
|
0-0: Called Strike 0-1: Ball 1-1: Ball 2-1: SINGLE (Groundball, 6S, EV 70.6 MPH) (infield hit)
|
|
Batting: LHB Alberto Figueroa
|
0-0: Ball 1-0: Ball 2-0: Foul Ball, location: 2F 2-1: Fielders Choice at 2nd, 5-4 (Groundball, 5, EV 102.5 MPH)
|
| Top of the 5th over - 1 run, 2 hits, 0 errors, 1 left on base; Indianapolis 10 - Colorado Springs 5 |
| BOTTOM OF THE 5TH |
|
Colorado Springs Sky Sox batting - Pitching for Indianapolis Indians : RHP Mike Amos
|
|
Batting: RHB Juan Figueroa
|
0-0: Called Strike 0-1: Foul Ball, location: 2F 0-2: Ball 1-2: SINGLE (Groundball, 6M, EV 100.6 MPH) (infield hit)
|
|
Batting: RHB Ryan Rinaldi
|
0-0: SINGLE (Groundball, 6S, EV 74.4 MPH) (infield hit) Juan Figueroa to second
|
|
Batting: LHB Kyle Schaible
|
0-0: Called Strike Juan Figueroa steals 3rd base Ryan Rinaldi to second 0-1: Fly out, F7 (Line Drive, 78M, EV 85.0 MPH)
|
|
Batting: LHB Michael Krott
|
0-0: Ball 1-0: Swinging Strike 1-1: Foul Ball, location: 2F 1-2: Strikes out swinging
|
|
Batting: RHB Kevin Tangeman
|
0-0: Called Strike 0-1: Swinging Strike 0-2: Strikes out looking
|
| Bottom of the 5th over - 0 runs, 2 hits, 0 errors, 2 left on base; Indianapolis 10 - Colorado Springs 5 |
| TOP OF THE 6TH |
|
Indianapolis Indians batting - Pitching for Colorado Springs Sky Sox : LHP Kyle Mearkle
|
|
Batting: RHB Bubba Tierney
|
0-0: Called Strike 0-1: Ground out 4-3 (Groundball, 4M, EV 105.6 MPH)
|
|
Batting: RHB Dave Fredericks
|
0-0: Called Strike 0-1: Foul Ball, location: 2F 0-2: Ball 1-2: Strikes out looking
|
|
Batting: RHB Alain Marquet
|
0-0: Swinging Strike 0-1: Swinging Strike 0-2: Ball 1-2: Strikes out swinging
|
| Top of the 6th over - 0 runs, 0 hits, 0 errors, 0 left on base; Indianapolis 10 - Colorado Springs 5 |
| BOTTOM OF THE 6TH |
|
Colorado Springs Sky Sox batting - Pitching for Indianapolis Indians : RHP Mike Amos
|
|
Batting: LHB Iehohs Inatho
|
0-0: Called Strike 0-1: Ball 1-1: Foul Ball, location: 2F 1-2: DOUBLE (Line Drive, 7LM, EV 99.4 MPH)
|
|
Batting: SHB Chris Besselman
|
0-0: Ball 1-0: Foul Ball, location: 2F 1-1: Ball 2-1: Ground out 5-3 (Groundball, 56S, EV 82.5 MPH)
|
|
Batting: RHB Eric Delgado
|
0-0: Ball 1-0: Called Strike 1-1: Ball 2-1: Ball 3-1: Base on Balls
|
|
Batting: RHB Matviy Oliynyk
|
0-0: DOUBLE (Line Drive, 89D, EV 108.1 MPH) Iehohs Inatho scores Eric Delgado to third Runner from 3rd tries for Home, SAFE, throw by RF to home
|
|
Batting: RHB Juan Figueroa
|
0-0: Called Strike 0-1: Called Strike 0-2: Foul Ball, location: 2F 0-2: Ball 1-2: Strikes out swinging
|
|
Batting: RHB Ryan Rinaldi
|
0-0: SINGLE (Groundball, 6D, EV 103.1 MPH) Matviy Oliynyk to third Runner from 3rd tries for Home, SAFE, throw by LF to home
|
|
Pitching: LHP Nick Yarbrough
|
|
|
Batting: LHB Kyle Schaible
|
0-0: Called Strike Ryan Rinaldi is caught stealing 2nd base 2-6
|
| Bottom of the 6th over - 3 runs, 3 hits, 0 errors, 0 left on base; Indianapolis 10 - Colorado Springs 8 |
| TOP OF THE 7TH |
|
Indianapolis Indians batting - Pitching for Colorado Springs Sky Sox : LHP Kyle Mearkle
|
|
Pitching: RHP Vas Karamyshev
|
|
|
Batting: LHB Edwin Aguilar
|
0-0: Called Strike 0-1: Swinging Strike 0-2: Ball 1-2: Foul Ball, location: 2F 1-2: Strikes out swinging
|
|
Batting: RHB Chris Pozzi
|
0-0: SINGLE (Line Drive, 89S, EV 109.4 MPH)
|
|
Batting: LHB Gregg Kellerman
|
0-0: Grounds into double play, 1-6-3 (Groundball, P, EV 73.8 MPH)
|
| Top of the 7th over - 0 runs, 1 hit, 0 errors, 0 left on base; Indianapolis 10 - Colorado Springs 8 |
| BOTTOM OF THE 7TH |
|
Colorado Springs Sky Sox batting - Pitching for Indianapolis Indians : LHP Nick Yarbrough
|
|
Batting: LHB Kyle Schaible
|
0-0: Called Strike 0-1: Called Strike 0-2: Ball 1-2: Ground out 4-3 (Groundball, 4M, EV 83.1 MPH)
|
|
Batting: LHB Michael Krott
|
0-0: Called Strike 0-1: Ball 1-1: Ball 2-1: Ground out U3 (Groundball, 3, EV 106.2 MPH)
|
|
Batting: RHB Kevin Tangeman
|
0-0: Ball 1-0: Called Strike 1-1: Called Strike 1-2: Strikes out looking
|
| Bottom of the 7th over - 0 runs, 0 hits, 0 errors, 0 left on base; Indianapolis 10 - Colorado Springs 8 |
| TOP OF THE 8TH |
|
Indianapolis Indians batting - Pitching for Colorado Springs Sky Sox : RHP Vas Karamyshev
|
|
Batting: LHB Donald Imre
|
0-0: Swinging Strike 0-1: Ground out U3 (Groundball, 3, EV 87.5 MPH)
|
|
Batting: RHB Nick Wicker
|
0-0: Called Strike 0-1: Called Strike 0-2: Strikes out looking
|
|
Batting: LHB Alberto Figueroa
|
0-0: Ball 1-0: Swinging Strike 1-1: Swinging Strike 1-2: Strikes out swinging
|
| Top of the 8th over - 0 runs, 0 hits, 0 errors, 0 left on base; Indianapolis 10 - Colorado Springs 8 |
| BOTTOM OF THE 8TH |
|
Colorado Springs Sky Sox batting - Pitching for Indianapolis Indians : LHP Nick Yarbrough
|
|
Batting: LHB Iehohs Inatho
|
0-0: Ball 1-0: Fly out, F7 (Flyball, 7, EV 93.8 MPH)
|
|
Batting: SHB Chris Besselman
|
0-0: Ball 1-0: Ground out 6-3 (Groundball, 6S, EV 82.5 MPH)
|
|
Batting: RHB Eric Delgado
|
0-0: Ball 1-0: Foul Ball, location: 2F 1-1: Fly out, F8 (Flyball, 8RXD, EV 110.0 MPH)
|
| Bottom of the 8th over - 0 runs, 0 hits, 0 errors, 0 left on base; Indianapolis 10 - Colorado Springs 8 |
| TOP OF THE 9TH |
|
Indianapolis Indians batting - Pitching for Colorado Springs Sky Sox : RHP Vas Karamyshev
|
|
Pitching: RHP Mike Clark
|
|
|
Batting: RHB Bubba Tierney
|
0-0: Ball 1-0: Swinging Strike 1-1: Called Strike 1-2: Ball 2-2: Fly out, F7 (Flyball, 7S, EV 92.5 MPH)
|
|
Batting: RHB Dave Fredericks
|
0-0: Called Strike 0-1: Ground out 6-3 (Groundball, 6, EV 80.0 MPH)
|
|
Batting: RHB Alain Marquet
|
0-0: Called Strike 0-1: Ball 1-1: SINGLE (Groundball, 13S, EV 70.0 MPH) (infield hit)
|
|
Batting: LHB Edwin Aguilar
|
0-0: Ground out 4-3 (Groundball, 34, EV 87.5 MPH)
|
| Top of the 9th over - 0 runs, 1 hit, 0 errors, 1 left on base; Indianapolis 10 - Colorado Springs 8 |
| BOTTOM OF THE 9TH |
|
Colorado Springs Sky Sox batting - Pitching for Indianapolis Indians : LHP Nick Yarbrough
|
|
Pitching: RHP Robby Poyfair
|
|
|
Now in LF: Hugo Zacarias
|
|
|
Batting: RHB Matviy Oliynyk
|
0-0: Ball 1-0: Ball 2-0: Ground out 4-3 (Groundball, 34, EV 86.2 MPH)
|
|
Batting: RHB Juan Figueroa
|
0-0: Ground out 4-3 (Groundball, 4, EV 83.8 MPH)
|
|
Batting: RHB Ryan Rinaldi
|
0-0: Called Strike 0-1: Swinging Strike 0-2: Foul Ball, location: 2F 0-2: Ball 1-2: Ball 2-2: Foul Ball, location: 2F 2-2: Ball 3-2: SINGLE (Groundball, 6MS, EV 67.5 MPH) (infield hit)
|
|
Batting: LHB Kyle Schaible
|
0-0: Swinging Strike 0-1: Foul Ball, location: 2F 0-2: Ball 1-2: Ball 2-2: Ball 3-2: Foul Ball, location: 2F 3-2: Base on Balls Ryan Rinaldi to second
|
|
Batting: LHB Michael Krott
|
0-0: Ball 1-0: Swinging Strike 1-1: Ball 2-1: Ball 3-1: Base on Balls Ryan Rinaldi to third Kyle Schaible to second
|
|
Pinch Hitting: LHB Steve Gilliam
|
0-0: Fielders Choice at 2nd, U4 (Groundball, 4M, EV 91.2 MPH)
|
| Bottom of the 9th over - 0 runs, 1 hit, 0 errors, 3 left on base; Indianapolis 10 - Colorado Springs 8 |
|